 Dungeon Crawl Stone Soup version 0.31-b1-20-g67cafac56d (webtiles) character file.

Game seed: 483902142980595209

87 solopath the Trooper (level 4, -5/50 HPs)
             Began as an Oni Berserker on Jan 18, 2024.
             Was a Believer of Trog.
             Slain by an orc
             ... wielding a +0 flail
              (8 damage)
             ... on level 3 of the Dungeon.
             The game lasted 00:02:23 (1805 turns).

solopath the Trooper (Oni Berserker)                Turns: 1805, Time: 00:02:24

Health: -5/50      AC:  3    Str: 23    XL:     4   Next: 51%
Magic:  4/4        EV: 10    Int:  8    God:    Trog [**....]
Gold:   131        SH:  0    Dex:  8    Spells: 3/3 levels left

rFire   + . .        a - +0 mace
rCold   + . .        (no shield)
rNeg    . . .        b - +0 animal skin
rPois   +            (helmet restricted)
rElec   +            j - scarf {harm}
rCorr   +            (gloves unavailable)
SInv    .            (boots unavailable)
Will    ++...        (no amulet)
Stlth   +            (no ring)
HPRegen 1.28/turn    (no ring)
MPRegen 0.09/turn

%: harm (+30% outgoing, +20% incoming)
@: resistant, strong-willed (expiring), on berserk cooldown, regenerating
(expiring), studying Fighting
A: large, unfitting armour, horns 1, tough skin 1, double potion healing,
drunken brawling
a: Renounce Religion, Berserk, Trog's Hand


You were on level 3 of the Dungeon.
You worshipped Trog.
Trog was pleased with you.
You visited 1 branch of the dungeon, and saw 3 of its levels.

You collected 131 gold pieces.

Inventory:

Hand Weapons
 a - a +0 mace (weapon)
Armour
 b - a +0 animal skin (worn)
 j - a scarf of harm (worn)
Scrolls
 e - 2 scrolls of immolation {unknown}
 f - a scroll of teleportation
 g - a scroll of blinking {unknown}
 h - a scroll of poison {unknown}


   Skills:
 + Level 5.1 Fighting
 * Level 4.3 Maces & Flails
 + Level 1.0 Armour
 - Level 2.6 Dodging


You had 3 spell levels left.
You didn't know any spells.
Your spell library was empty.

Dungeon Overview and Level Annotations

Branches:
Dungeon (3/15)

Altars:
Fedhas

Shops:
D:1 [

Annotations:
D:2 Sigmund


Innate Abilities, Weirdness & Mutations

You are too large for most types of armour.
You have a pair of small horns on your head.
You have tough skin. (AC +1)
You gain doubled healing and magic from potions.
Whenever you drink a healing potion, you attack all around you.


Message History

You barely miss the kobold. Your headbutt misses the kobold.
The kobold hits you with a +0 short sword.
* * * LOW HITPOINT WARNING * * *
An orc comes into view. It is wielding a +0 flail.
The kobold closely misses you.
You completely miss the kobold.
The orc shouts!
The kobold hits you but does no damage.
The kobold hits you with a +0 short sword.
* * * LOW HITPOINT WARNING * * *
Unknown command.
You hit the kobold but do no damage. Your headbutt misses the kobold.
The kobold hits you with a +0 short sword.
* * * LOW HITPOINT WARNING * * *
The kobold hits you but does no damage.
Unknown command.
Your skin crawls.
You feel strong-willed.
You feel yourself speed up. The kobold barely misses you.
You hit the orc but do no damage.
The kobold hits you with a +0 short sword.
* * * LOW HITPOINT WARNING * * *
The orc hits you with a +0 flail!
* * * LOW HITPOINT WARNING * * *
The orc hits you with a +0 flail.
* * * LOW HITPOINT WARNING * * *
The kobold completely misses you.
Okay, then.
You aren't carrying any potions.
You barely miss the orc. Your headbutt misses the orc. The kobold misses you.
The orc barely misses you.
Unknown command.
You barely miss the orc.
You feel the effects of Trog's Hand fading.
The kobold closely misses you. The orc misses you.
You barely miss the orc.
The kobold hits you with a +0 short sword.
* * * LOW HITPOINT WARNING * * *
The orc hits you with a +0 flail!
You die...

# # .## #.#. ..
#..##.# #g..K# # ##.#
####. #.## # ##
.>...###)# .#...
...##..†K###.....
........@o#......
........#........
...~~~....##.#...
.~~~≈~≈~..## #
~~≈≈≈≈≈≈~..#
~≈≈~~~≈≈≈~.## ########
≈~~P>♣≈~≈~..###......#
≈~PP...≈~≈~.....####.#
≈♣._..~~≈≈.##..# #.#


You could see an orc and a kobold.

Vanquished Creatures
  3 gnolls (D:3)
  2 adders (D:2)
  A dart slug (D:1)
  3 ball pythons
  An endoplasm (D:1)
  6 giant cockroaches
  3 hobgoblins (D:1)
  A kobold (D:1)
  3 quokkas
  5 bats
  2 frilled lizards
  6 goblins
  4 rats
40 creatures vanquished.

Notes
Turn   | Place    | Note
-------+----------+-------------------------------------------
     0 | D:1      | solopath the Oni Berserker began the quest for the Orb.
     0 | D:1      | Reached XP level 1. HP: 24/24 MP: 1/1
   194 | D:1      | Reached XP level 2. HP: 30/32 MP: 2/2
   758 | D:1      | Found Xocla's Antique Armour Boutique.
   989 | D:2      | Reached XP level 3. HP: 38/40 MP: 3/3
  1028 | D:2      | Reached ** piety under Trog
  1581 | D:2      | Noticed Sigmund
  1583 | D:2      | Identified a scroll of acquirement
  1583 | D:2      | Acquired a manual of Fighting
  1718 | D:3      | Found a blossoming altar of Fedhas.
  1721 | D:3      | Reached XP level 4. HP: 49/49 MP: 4/4
  1764 | D:3      | Reached skill level 5 in Fighting
  1764 | D:3      | Reached skill level 1 in Armour
  1802 | D:3      | HP: 1/50 [orc/+0 flail (2)]
  1805 | D:3      | Slain by an orc

Illustrated notes

Levels and vault maps discovered:
D:1:      lightli_arrival_isolated_outpost, layout_basic, serial_shops, shop
D:2:      layout_basic, chequers_serial_rivers_small_3,
          minmay_worlds_worst_comb, uniq_sigmund
D:3:      layout_loops_cross, fedhas_ov_isle_minmay, nicolae_eternal_life,
          dk_noncrumbling_4, uniq_jessica

Skill      XL: |  1  2  3  4 |
---------------+-------------+-----
Maces & Flails | 4 |  4.3
Fighting       | 5 |  5.1
Armour         | 1 |  1.0
Dodging        | |  2.6

Action                     |  1- 3 |  4- 6 || total
---------------------------+-------+-------++-------
  Melee: Mace              |   115 |    25 ||   140
         Headbutt          |    18 |     2 ||    20
         Punch             |     1 |       ||     1
 Invoke: Berserk           |       |     1 ||     1
         Trog's Hand       |       |     1 ||     1
    Use: Scroll            |     4 |       ||     4
         Potion            |       |     2 ||     2
 Armour: Animal skin       |    77 |    39 ||   116
  Dodge: Dodged            |    85 |    27 ||   112
